 Dungeon Crawl Stone Soup version 0.30-a0-29-g142975f185 (webtiles) character file.

Game seed: 1368565339104869446

501 Pooter the Chopper (level 6, -2/57 HPs)
             Began as a Minotaur Fighter on Aug 27, 2022.
             Slain by Pikel
             ... wielding a +1 whip of flaming
              (8 damage)
             ... on level 4 of the Dungeon.
             The game lasted 00:12:15 (2909 turns).

Pooter the Chopper (Minotaur Fighter)               Turns: 2909, Time: 00:12:16

Health: -2/57      AC: 14    Str: 23    XL:     6   Next: 95%
Magic:  5/5        EV:  9    Int:  5    God:
Gold:   251        SH:  0    Dex:  9    Spells: 5/5 levels left

rFire   . . .      SeeInvis .    a - +2 battleaxe
rCold   . . .      Faith    .    (shield currently unavailable)
rNeg    . . .      Spirit   .    u - +0 scale mail
rPois   +          Reflect  .    (helmet restricted)
rElec   .          Harm     .    m - +2 cloak {rPois}
rCorr   .          Rampage  .    (no gloves)
Will    .....                    (no boots)
Stlth   ..........               (no amulet)
HPRegen 0.19/turn                e - +4 ring of protection
MPRegen 0.09/turn                (no ring)

@: mighty
A: horns 2, retaliatory headbutt
a: no special abilities


You were on level 4 of the Dungeon.
You visited 1 branch of the dungeon, and saw 4 of its levels.

You collected 251 gold pieces.

Inventory:

Hand Weapons
 a - a +2 battleaxe (weapon)
   (You found it on level 1 of the Dungeon)
 b - a +0 sling
   (You found it on level 3 of the Dungeon)
 g - a +0 war axe
Missiles
 l - 5 poisoned darts (quivered)
 Q - 11 stones
Armour
 c - a +0 buckler
 m - a +2 cloak of poison resistance (worn)
   (You took it off Crazy Yiuf on level 2 of the Dungeon)
 u - a +0 scale mail (worn)
Jewellery
 e - a +4 ring of protection (left hand)
   (You found it on level 1 of the Dungeon)
Wands
 D - a wand of digging (6)
   (You took it off Crazy Yiuf on level 2 of the Dungeon)
Scrolls
 h - 2 scrolls of noise {!r}
 j - 2 scrolls of poison {unknown}
 n - a scroll of vulnerability {!r}
 t - 2 scrolls of teleportation {@r4}
 v - a scroll of immolation {!r}
Potions
 d - a potion of might
 f - a potion of degeneration {unknown}
 k - a potion of lignification {unknown}
 o - 3 potions of curing {@q1}
 p - 2 potions of brilliance {unknown}
 q - 2 potions of mutation {unknown}
 r - a potion of berserk rage {unknown}
 s - a potion of flight {unknown}
 w - a potion of ambrosia {unknown}


   Skills:
 + Level 5.9 Fighting
 * Level 7.1 Axes
 * Level 1.9 Ranged Weapons
 - Level 3.6 Armour
 - Level 3.6 Shields
 + Level 1.0 Evocations


You had 5 spell levels left.
You didn't know any spells.
Your spell library contained the following spells:

 Spells                   Type           Power      Damage    Failure   Level
 Frozen Ramparts          Ice            0%         1d1       98%         3
 Ice Form                 Ice/Tmut       0%         N/A       100%        4
 Summon Ice Beast         Ice/Summ       0%         N/A       100%        4


Dungeon Overview and Level Annotations

Branches:
Dungeon (4/15)
 Temple: D:4-7

Altars:

Annotations:
D:4 Pikel


Innate Abilities, Weirdness & Mutations

You have a pair of horns on your head.
You reflexively headbutt those who attack you in melee.


Message History

A lemure comes into view.
The lemure shouts!
A lemure comes into view.
The lemure shouts!
You hear a shout!
Pikel drinks a potion.
Pikel seems to grow stronger.
The lemure moves out of view.
You closely miss Pikel. Your headbutt misses Pikel.
Pikel hits you with a +1 whip of flaming.
Pikel burns you.
A lemure comes into view.
Pikel hits you with a +1 whip of flaming.
Pikel burns you.
You barely miss Pikel. Your headbutt misses Pikel.
Pikel hits you but does no damage.
You closely miss Pikel. Your headbutt misses Pikel. You barely miss the lemure.
Pikel hits you with a +1 whip of flaming.
Pikel burns you. The lemure hits you.
You barely miss Pikel. Your headbutt misses Pikel. You slash the lemure!
Pikel barely misses you. x2; The lemure closely misses you.
The lemure hits you.
You slash Pikel! You closely miss the lemure. x2
Pikel hits you but does no damage. The lemure hits you.
The lemure hits you but does no damage.
The ball python bites you but does no damage.
The ball python grabs you. The ball python constricts you.
You barely miss Pikel. You closely miss the ball python.
You barely miss the lemure. You hit the lemure.
Pikel hits you with a +1 whip of flaming!
* * * LOW HITPOINT WARNING * * *
Pikel burns you.
* * * LOW HITPOINT WARNING * * *
The lemure hits you.
* * * LOW HITPOINT WARNING * * *
The lemure hits you but does no damage.
The ball python bites you but does no damage.
The ball python constricts you.
You feel very mighty all of a sudden.
The ball python bites you but does no damage.
The ball python constricts you.
* * * LOW HITPOINT WARNING * * *
Pikel hits you but does no damage. The lemure hits you.
* * * LOW HITPOINT WARNING * * *
The lemure hits you!
* * * LOW HITPOINT WARNING * * *
The ball python bites you but does no damage.
The ball python constricts you.
You slice Pikel!! You barely miss the lemure. You slash the lemure!
You slice the ball python!!
You kill the ball python!
Pikel hits you with a +1 whip of flaming!
You die...

... .. .#.# .. .#
#.....###. ..#
#......#.###.#
#.....#5....## #
....S.#K5..[.# #..
##.....#@5>..#
#...#)###.#†.....#
#.....###.....#..
#.†....#.###.#... .#
#.....#.....###.. ..#
#......#......#.###.#
##.....#.....#.....##
#.###.#....^.#......#
## .###.....#.....# #


You could see Pikel (strong) and 3 lemures.

Vanquished Creatures
  Sigmund (D:3)
  A lemure (D:4)
  A necrophage (D:4)
  Crazy Yiuf (D:2)
  Natasha (thrice) (D:2)
  12 adders
  2 worms
  A dart slug (D:1)
  3 orcs
  3 bats
  5 endoplasms
  3 giant cockroaches
  6 goblins
  7 hobgoblins
  6 kobolds
  A quokka (D:4)
  5 ball pythons
  A frilled lizard (D:1)
  7 rats
69 creatures vanquished.

Notes
Turn   | Place    | Note
-------+----------+-------------------------------------------
     0 | D:1      | Pooter the Minotaur Fighter began the quest for the Orb.
     0 | D:1      | Reached XP level 1. HP: 19/19 MP: 0/0
   119 | D:1      | Reached skill level 3 in Axes
   155 | D:1      | Reached XP level 2. HP: 25/27 MP: 1/1
   338 | D:1      | You fall into a shaft and drop 1 floor!
   713 | D:2      | Found a faded altar of an unknown god.
   715 | D:2      | Reached XP level 3. HP: 33/33 MP: 2/2
   835 | D:2      | Noticed Natasha
   845 | D:2      | Killed Natasha
   846 | D:2      | Reached skill level 4 in Axes
   883 | D:2      | Reached XP level 4. HP: 41/41 MP: 3/3
   936 | D:2      | Noticed Natasha
   946 | D:2      | Killed Natasha
  1153 | D:2      | Reached skill level 5 in Axes
  1556 | D:2      | Noticed Natasha
  1565 | D:2      | Killed Natasha
  1694 | D:2      | Found a runed translucent door.
  1695 | D:2      | Noticed Crazy Yiuf
  1869 | D:2      | Killed Crazy Yiuf
  1870 | D:2      | Reached skill level 5 in Fighting
  1870 | D:2      | Reached XP level 5. HP: 48/48 MP: 4/4
  1896 | D:3      | Noticed Sigmund
  1904 | D:3      | Killed Sigmund
  1905 | D:3      | Reached skill level 6 in Axes
  1905 | D:3      | Reached XP level 6. HP: 57/57 MP: 5/5
  2439 | D:3      | Reached skill level 1 in Ranged Weapons
  2721 | D:4      | Reached skill level 7 in Axes
  2853 | D:4      | Reached skill level 1 in Evocations
  2898 | D:4      | Noticed Pikel
  2909 | D:4      | Slain by Pikel

Illustrated notes

Levels and vault maps discovered:
D:1:      wander_arrival_peaceful_grave, layout_basic,
          minmay_misc_feat_more_columns
D:2:      layout_loops_ring, chequers_ecumenical_altar_simple, uniq_natasha,
          uniq_crazy_yiuf_cottage
D:3:      minmay_recursive_quarters, layout_loops_ring, uniq_sigmund
D:4:      nicolae_BIG_FREAKIN_CUBE, layout_rooms, kennysheep_okawaru_gauntlet,
          eino_small_chamber_without_monster, uniq_pikel

Skill      XL: |  1  2  3  4  5  6 |
---------------+-------------------+-----
Axes           | 3 4 5 6 7 |  7.1
Fighting       | 4 5 |  5.9
Ranged Weapons | 1 |  1.9
Evocations     | 1 |  1.0
Armour         | |  3.6
Shields        | |  3.6

Action                   |  1- 3 |  4- 6 || total
-------------------------+-------+-------++-------
Melee: War axe           |    13 |       ||    13
       Headbutt          |     4 |    13 ||    17
       Battleaxe         |    26 |    88 ||   114
 Fire: Sling             |       |    27 ||    27
Throw: Dart              |     3 |       ||     3
  Use: Scroll            |       |     7 ||     7
       Potion            |       |     3 ||     3
Armor: Scale mail        |    23 |    62 ||    85
Dodge: Dodged            |    20 |    65 ||    85
Block: Buckler           |     5 |       ||     5

Table legend: (Time is in decaauts)
 A = Elapsed time spent in this place.
 B = Non-inter-level travel time spent in this place.
 C = Inter-level travel time spent in this place.
 D = Time resting spent in this place.
 E = Time spent auto-exploring this place.
 F = Levels seen in this place.
 G = Mean time per level.
                   A        B        C        D        E       F      G
               +--------+--------+--------+--------+--------+-----+--------+
         Total |   2976 |   2897 |     79 |    476 |   1860 |   4 |  744.0 |
       Dungeon |   2976 |   2897 |     79 |    476 |   1860 |   4 |  744.0 |
               +--------+--------+--------+--------+--------+-----+--------+

Top non-repeatable levels by time:
     D:2: 1268 daAuts
     D:3: 813 daAuts
     D:1: 665 daAuts
     D:4: 229 daAuts
